 Dungeon Crawl Stone Soup version 0.21-a0-237-g87df72b (webtiles) character file.

3015 Gorice the Protected (level 9, -7/172 HPs)
             Began as a Gnoll Arcane Marksman on Sept 2, 2017.
             Was a Believer of Okawaru.
             Mangled by Cadaver's ghost (8 damage)
             ... on level 8 of the Dungeon.
             The game lasted 00:43:24 (8532 turns).

Gorice the Protected (Gnoll Arcane Marksman)        Turns: 8532, Time: 00:43:25

Health: -7/172     AC: 24    Str:  7    XL:     9   Next: 85%
Magic:  10/10      EV:  2    Int:  7    God:    Okawaru [**....]
Gold:   268        SH:  0    Dex:  7    Spells: 10/11 levels left

rFire    + . .     SeeInvis +   b - +1 rapier (venom)
rCold    x . .     Gourm    .   (no shield)
rNeg     + + +     Faith    .   (armour currently unavailable)
rPois    +         Spirit   .   (helmet currently unavailable)
rElec    .         Reflect  .   (cloak currently unavailable)
rCorr    .         Harm     .   (gloves currently unavailable)
MR       .....     NoTele   +   (boots currently unavailable)
Stlth    ..........             (no amulet)
HPRegen  0.38/turn              k - ring of see invisible
MPRegen  0.12/turn              O - ring of fire

@: mighty, berserking (expiring), lethally poisoned (-7 -> -8), tree-form, very
slightly contaminated, very quick
A: unchanging attributes, low mp 1, wild magic 1, strong nose
a: Heroism, Renounce Religion


You were on level 8 of the Dungeon.
You worshipped Okawaru.
Okawaru was pleased with you.
You were not hungry.
You were a tree.
You visited 2 branches of the dungeon, and saw 9 of its levels.

You collected 353 gold pieces.
You spent 85 gold pieces at shops.

Inventory:

Hand Weapons
 a - a +0 hand crossbow
 b - a +1 rapier of venom (weapon)
   (You found it on level 6 of the Dungeon)
 j - a +0 trident of protection
   (You found it on level 2 of the Dungeon)
 q - a +0 glaive
 z - a +0 morningstar
 A - a +0 flail of crushing
   (You took it off an orc on level 4 of the Dungeon)
 C - a +0 broad axe
 I - a +0 great mace
Missiles
 d - 8 bolts
 n - 5 javelins (quivered)
 F - 7 tomahawks of returning
 Y - a throwing net
Armour
 g - a +1 helmet (melded)
 i - a +1 ring mail of magic resistance (melded)
   (You found it on level 3 of the Dungeon)
 u - a +0 cloak (melded)
 B - a +0 pair of boots (melded)
 G - a +0 crystal plate armour
 M - a +0 plate armour
Jewellery
 k - a ring of see invisible (left branch)
 r - an uncursed ring of resist corrosion
 O - a ring of fire (right branch)
Wands
 H - a wand of random effects (27/48)
 K - a wand of lightning (1/15)
Scrolls
 h - 3 scrolls of remove curse
 s - a scroll of enchant armour
 x - a scroll of amnesia
 y - a scroll of fear {unknown}
 D - a scroll of recharging
 L - a scroll of magic mapping {!r}
Potions
 l - a potion of resistance {!q}
 o - a potion of invisibility {!q}
 v - 2 potions of lignification {!q}
Books
 c - a book of Debilitation
 E - a book of Air
Comestibles
 f - 4 bread rations {!e}
 m - 2 fruits
 p - a meat ration {!e}
 N - 3 chunks of flesh


   Skills:
 + Level 9.5 Fighting
 - Level 10.0 Crossbows
 + Level 10.7 Armour
 - Level 2.6 Dodging
 - Level 1.5 Spellcasting
 - Level 4.0 Hexes


You had 10 spell levels left.
You knew the following spells:

 Your Spells              Type           Power        Failure   Level  Hunger
a - Corona                Hex            #......      12%         1    ##.....


Dungeon Overview and Level Annotations

Branches:
Dungeon (8/15)             Temple (1/1) D:7
   Lair: D:8-11

Altars:
Ashenzari
Cheibriados
Dithmenos
Elyvilon
Fedhas
Gozag
Hepliaklqana
Kikubaaqudgha
Makhleb
Okawaru
Qazlal
Ru
Sif Muna
Trog
Uskayaw
Vehumet
Wu Jian
Xom
Zin

Shops:
D:6 [

Annotations:
D:8 Cadaver's ghost, novice HuGl


Innate Abilities, Weirdness & Mutations

Your physical attributes are unchanging.
((You have very sharp teeth.))
Your uncanny sense of smell can sniff out nearby items.
((You can translocate small distances at will.))
Your magical capacity is low. (-10% MP)
Your spells are a little harder to cast, but a little more powerful.


Message History

Erica hits you but does no damage.
You barely miss Erica.
Erica is heavily wounded.
You feel sick.
Erica stops glowing.
Damage: 1 (max 29)
You puncture Erica!
Erica looks as sick as possible!
Erica is severely wounded.
You feel sick. Erica hits you but does no damage.
You barely miss Erica.
Erica is severely wounded.
You feel sick.
Erica hits you with a scimitar of flaming.
* * * LOW HITPOINT WARNING * * *
Damage: 3 (max 29)
You closely miss Erica.
Erica is severely wounded.
Unknown command.
You closely miss Erica.
Erica is severely wounded.
* * * LOW HITPOINT WARNING * * *
You feel sick. Erica hits you but does no damage.
You closely miss Erica.
Erica is severely wounded.
* * * LOW HITPOINT WARNING * * *
You feel sick. Erica hits you but does no damage.
Damage: 1 (max 29)
You closely miss Erica.
Erica is severely wounded.
You closely miss Erica.
Erica is severely wounded.
* * * LOW HITPOINT WARNING * * *
You feel sick. Erica hits you but does no damage.
You hit Erica.
Erica looks as sick as possible!
Erica is almost dead.
You puncture Erica!
You kill Erica!
Okawaru is honoured by your kill.
Your Fighting skill increases to level 9!
Your Armour skill increases to level 10!
* * * LOW HITPOINT WARNING * * *
You feel sick.
Damage: 1 (max 29)
You are too berserk!
You puncture Cadaver's ghost!
Cadaver's ghost is lightly damaged.
You hit Cadaver's ghost but do no damage.
Cadaver's ghost is lightly damaged.
* * * LOW HITPOINT WARNING * * *
You feel sick. Cadaver's ghost hits you!
You die...

##...####.........#
#....$..'.........+
∆
#....####........W#
#.>..# ##.......#
#..... ##.....##
##...#########...##
##.##Z.....@.#'##
#. #W######.#@# #
#♣######.#.##
#...........#
#.##.##.....##
#............#
.....##.#...######
#.## #.##........
#.# #. #>#######
#.# #. #.# #.#


You could see Cadaver's ghost and a howler monkey skeleton.

Vanquished Creatures
  Erica (D:8)
  Psyche (D:8)
  A shadow (D:7)
  An orc warrior (D:6)
  An ice beast (D:5)
  A phantom (D:7)
  2 ogres
  2 centaurs
  2 bullfrogs (D:7)
  A scorpion (D:6)
  5 wights (D:7)
  2 howler monkeys
  2 bullfrog zombies
  2 crimson imps
  A bullfrog skeleton (D:7)
  3 hounds
  An orc priest (D:3)
  A centaur skeleton (D:8)
  5 orc wizards
  2 worker ants
  A hound skeleton (D:7)
  A howler monkey zombie (D:6)
  9 gnolls
  6 adders
  A shadow imp (D:7)
  3 oozes
  An adder zombie (D:7)
  5 worms
  2 adder skeletons (D:4)
  A dart slug (D:1)
  4 leopard geckos
  18 orcs
  3 giant cockroaches (D:2)
  5 goblins
  13 hobgoblins
  3 jackals (D:5)
  4 quokkas
  6 bats
  5 frilled lizards
  A jackal skeleton (D:6)
  8 kobolds
  A leopard gecko skeleton (D:5)
  7 rats
145 creatures vanquished.

Notes
Turn   | Place    | Note
-------+----------+-------------------------------------------
     0 | D:1      | Gorice the Gnoll Arcane Marksman began the quest for the Orb.
     0 | D:1      | Reached XP level 1. HP: 15/15 MP: 3/3
   116 | D:1      | Reached skill level 3 in Crossbows
   169 | D:1      | Reached XP level 2. HP: 21/21 MP: 2/4
   390 | D:1      | Reached skill level 4 in Crossbows
   598 | D:1      | Reached XP level 3. HP: 26/26 MP: 3/5
  1092 | D:2      | Found a faded altar of an unknown god.
  1205 | D:2      | Reached skill level 5 in Crossbows
  1401 | D:2      | Found an ancient bone altar of Kikubaaqudgha.
  1598 | D:2      | Reached XP level 4. HP: 32/32 MP: 4/6
  2030 | D:3      | Found a burning altar of Makhleb.
  2060 | D:3      | Reached skill level 6 in Crossbows
  2060 | D:3      | Reached skill level 1 in Armour
  2137 | D:3      | Reached XP level 5. HP: 27/37 MP: 4/7
  2398 | D:3      | Reached skill level 2 in Armour
  2410 | D:3      | Reached skill level 7 in Crossbows
  2893 | D:4      | Noticed an ogre
  2917 | D:3      | Reached XP level 6. HP: 43/43 MP: 5/8
  2974 | D:4      | Found a deep blue altar of Sif Muna.
  3349 | D:4      | HP: 11/43 [ogre/giant club (14)]
  3352 | D:4      | Reached skill level 8 in Crossbows
  3352 | D:4      | Reached skill level 3 in Armour
  3867 | D:5      | Entered Level 5 of the Dungeon
  4024 | D:5      | Found a bloodstained altar of Trog.
  4147 | D:5      | Reached XP level 7. HP: 35/48 MP: 7/9
  4414 | D:5      | Reached skill level 9 in Crossbows
  4414 | D:5      | Reached skill level 4 in Armour
  4737 | D:5      | Found a snail-covered altar of Cheibriados.
  5463 | D:6      | Found Atixas Kiawe's Antique Armour Boutique.
  5482 | D:6      | Bought a pair of boots for 85 gold pieces
  5528 | D:6      | Found a sacrificial altar of Ru.
  5537 | D:6      | Reached skill level 5 in Armour
  5814 | D:6      | Reached skill level 10 in Crossbows
  5888 | D:6      | Reached skill level 2 in Fighting
  5888 | D:6      | Reached XP level 8. HP: 32/56 MP: 10/10
  5969 | D:6      | Found a glowing silver altar of Zin.
  5969 | D:6      | Found a stormy altar of Qazlal.
  5976 | D:6      | Found a blossoming altar of Fedhas.
  5978 | D:6      | Found a faded altar of an unknown god.
  5979 | D:6      | Found an opulent altar of Gozag.
  6267 | D:7      | HP: 16/57 [ogre/giant club (15)]
  6269 | D:7      | Reached skill level 3 in Fighting
  6286 | D:7      | HP: 15/58 [bullfrog (4)]
  6287 | D:7      | Reached skill level 6 in Armour
  6292 | D:7      | HP: 15/60 [phantom (1)]
  6298 | D:7      | HP: 10/60 [phantom (2)]
  6319 | D:7      | Reached skill level 4 in Fighting
  6467 | D:7      | Noticed a shadow
  6481 | D:7      | Killed a shadow
  6481 | D:7      | Reached skill level 5 in Fighting
  6481 | D:7      | Reached skill level 7 in Armour
  6539 | D:7      | Found a bloodstained altar of Trog.
  6596 | D:7      | HP: 19/64 [wight/enchanted falchion (1)]
  6599 | D:7      | HP: 9/64 [shot self (11)]
  6602 | D:7      | Reached skill level 6 in Fighting
  6665 | D:7      | HP: 19/64 [hound skeleton (1)]
  6814 | D:7      | Found a staircase to the Ecumenical Temple.
  6868 | D:7      | Reached skill level 8 in Armour
  6890 | D:6      | Found a white marble altar of Elyvilon.
  6954 | D:6      | HP: 15/65 [orc warrior/scimitar (7)]
  6955 | D:6      | Reached XP level 9. HP: 16/71 MP: 8/11
  7346 | D:6      | Reached skill level 7 in Fighting
  7466 | Temple   | Entered the Ecumenical Temple
  7593 | Temple   | Became a worshipper of Warmaster Okawaru
  7785 | D:7      | Reached skill level 9 in Armour
  8330 | D:8      | Noticed Psyche
  8343 | D:8      | Killed Psyche
  8343 | D:8      | Reached * piety under Okawaru
  8343 | D:8      | Reached skill level 8 in Fighting
  8468 | D:8      | Noticed Erica
  8509 | D:8      | HP: 11/75 [Erica/bolt of poison (28)]
  8510 | D:8      | Noticed Cadaver's ghost (novice HuGl)
  8514 | D:8      | Gained mutation: Your spells are a little harder to cast, but a little more powerful. [potion of mutation]
  8514 | D:8      | Gained mutation: Your magical capacity is low. (-10% MP) [potion of mutation]
  8514 | D:8      | Gained mutation: You can translocate small distances at will. [potion of mutation]
  8514 | D:8      | HP: 8/112 [poisoned by Erica (bolt of poison)]
  8519 | D:8      | HP: 7/168 [poisoned by Erica (bolt of poison)]
  8523 | D:8      | HP: 3/168 [Erica/scimitar of flaming (2)]
  8528 | D:8      | HP: 2/168 [poisoned by Erica (bolt of poison)]
  8530 | D:8      | Killed Erica
  8530 | D:8      | Reached ** piety under Okawaru
  8530 | D:8      | Reached skill level 9 in Fighting
  8530 | D:8      | Reached skill level 10 in Armour
  8532 | D:8      | Mangled by Cadaver's ghost

Vault maps used:
D:1:      nzn_arrival_settlement, minmay_octomino_e4
D:2:      kiku_gazebo_garden_becter, chequers_ecumenical_altar_simple,
          first_bread
D:3:      bloody_makhleb
D:4:      lemuel_crystal_altar
D:5:      slow_altar_2, basic_altar
D:6:      lemuel_upstairs_altar, chequers_temple_overflow_minitemple,
          nicolae_ru_great_annihilating_truth, serial_shops, nicolae_shop_trees
D:7:      nicolae_overflow_hidden_temple, temple_doors_cd
D:8:      grunt_temple_overflow_holy_war, kennysheep_little_box, uniq_erica,
          uniq_joseph, uniq_psyche, uniq_gastronok
Temple:   nicolae_temple_figure_zero

Skill      XL: |  1  2  3  4  5  6  7  8  9 |
---------------+----------------------------+-----
Crossbows      | 3 4 5 6 7 8 10 | 10.0
Armour         | 1 2 3 5 8 10 | 10.7
Fighting       | 2 6 9 |  9.5
Dodging        | |  2.6
Spellcasting   | |  1.5
Hexes          | |  4.0

Action                   |  1- 3 |  4- 6 |  7- 9 || total
-------------------------+-------+-------+-------++-------
Melee: Flail             |       |       |   128 ||   128
       Bite              |       |       |     7 ||     7
       Rapier            |       |       |    39 ||    39
 Fire: Hand crossbow     |   125 |   188 |   205 ||   518
Throw: Tomahawk          |       |       |     6 ||     6
       Javelin           |       |       |     5 ||     5
 Cast: Corona            |    33 |    54 |    66 ||   153
Evoke: Wand              |       |       |     4 ||     4
  Use: Scroll            |     2 |     6 |     5 ||    13
       Potion            |       |     2 |     5 ||     7
  Eat: Chunk             |     3 |     9 |    10 ||    22
       Royal jelly       |       |     1 |     1 ||     2
       Meat ration       |       |       |     1 ||     1
       Fruit             |       |       |     1 ||     1
Armor: Robe              |    18 |       |       ||    18
       Ring mail         |       |    63 |   212 ||   275
       Skin              |       |       |     6 ||     6
Dodge: Dodged            |    31 |    72 |   187 ||   290

Table legend:
 A = Spawn XP
 B = Non-spawn XP
 C = Spawn XP percentage of total XP
 D = Spawn monster count
 E = Non-spawn monster count
 F = Spawn count percentage of total count
 G = Total turns spent on level
                    A         B        C        D         E        F      G
               +---------+---------+-------+---------+---------+-------+---------
         Total |     369 |    3939 |   8.6 |      20 |     125 |  13.8 |  8532
               +---------+---------+-------+---------+---------+-------+---------
           D:1 |       4 |      34 |  10.5 |       2 |      17 |  10.5 |   924
           D:2 |       8 |      72 |  10.0 |       3 |      17 |  15.0 |  1115
           D:3 |       8 |     208 |   3.7 |       5 |      30 |  14.3 |   863
           D:4 |       3 |     187 |   1.6 |       1 |       7 |  12.5 |   965
           D:5 |       6 |     301 |   2.0 |       3 |      13 |  18.8 |  1332
           D:6 |      33 |     616 |   5.1 |       1 |      17 |   5.6 |  1443
           D:7 |     268 |    1029 |  20.7 |       4 |      18 |  18.2 |  1388
           D:8 |      39 |    1492 |   2.5 |       1 |       6 |  14.3 |   364
               +---------+---------+-------+---------+---------+-------+---------

Table legend:
 A = Turns spent in this place as a percentage of turns spent in the entire game.
 B = Non-inter-level travel turns spent in this place as a percentage of non-inter-level travel turns spent in the entire game.
 C = Inter-level travel turns spent in this place as a percentage of turns spent in this place.
 D = Turns resting spent in this place as a percentage of non-inter-level travel turns spent in this place.
 E = Turns spent auto-exploring this place as a percentage of non-inter-level travel turns spent in this place.
 F = Non-inter-level travel turns spent in this place divided by the number of levels of this place that you've seen.
                   A       B       C       D       E      F
               +-------+-------+-------+-------+-------+----------------------
         Total | 100.0 | 100.0 |   3.8 |  16.0 |  47.4 | 911.8
       Dungeon |  98.4 |  98.7 |   3.6 |  16.2 |  46.7 | 1012.0
        Temple |   1.6 |   1.3 |  20.3 |   0.0 |  97.3 | 110.0
               +-------+-------+-------+-------+-------+----------------------

Vault maps used:
D:1:      nzn_arrival_settlement, minmay_octomino_e4
D:2:      kiku_gazebo_garden_becter, chequers_ecumenical_altar_simple,
          first_bread
D:3:      bloody_makhleb
D:4:      lemuel_crystal_altar
D:5:      slow_altar_2, basic_altar
D:6:      lemuel_upstairs_altar, chequers_temple_overflow_minitemple,
          nicolae_ru_great_annihilating_truth, serial_shops, nicolae_shop_trees
D:7:      nicolae_overflow_hidden_temple, temple_doors_cd
D:8:      grunt_temple_overflow_holy_war, kennysheep_little_box, uniq_erica,
          uniq_joseph, uniq_psyche, uniq_gastronok
Temple:   nicolae_temple_figure_zero
